 Dungeon Crawl Stone Soup version 0.17-a0-477-g451446c (webtiles) character file.

98 krae the Insei (level 4, -2/28 HPs)
             Began as an Octopode Transmuter on Apr 7, 2015.
             Was a Follower of Cheibriados.
             Slain by a quokka (4 damage)
             ... on level 4 of the Dungeon.
             The game lasted 00:11:35 (2077 turns).

krae the Insei (Octopode Transmuter)                Turns: 2077, Time: 00:11:35

Health: -2/28      AC:  1    Str: 11    XL:     4   Next: 71%
Magic:  3/8        EV: 13    Int: 17    God:    Cheibriados [*.....]
Gold:   160        SH:  0    Dex: 15    Spells: 2 memorised, 6 levels left

rFire  . . .     SeeInvis .       - Unarmed
rCold  . . .     Clarity  .     (no shield)
rNeg   + . .     SustAb   +     (helmet restricted)
rPois  .         Gourm    .     (no amulet)
rElec  .         Spirit   .     j - ring of stealth
rCorr  .         Warding  .     o - ring of sustain abilities
rMut   .         Stasis   .     s - ring of positive energy
MR     .....                    (no ring)
Stlth  +++.......               (no ring)
                                (no ring)
                                (no ring)
                                (no ring)

@: very slow, not resistant to hostile enchantments, fairly stealthy
A: almost no armour, amphibious, 8 rings, constrict 8, camouflage 1, gelatinous
body 1
a: Bend Time, Renounce Religion


You were on level 4 of the Dungeon.
You worshipped Cheibriados.
Cheibriados was aware of your devotion.
You were hungry.

You visited 1 branch of the dungeon, and saw 5 of its levels.

You collected 160 gold pieces.


Innate Abilities, Weirdness & Mutations

You cannot wear most types of armour.
You are amphibious.
You can wear up to eight rings at the same time.
You can use your tentacles to constrict eight enemies at once.
Your skin changes colour to match your surroundings (Stealth).
Your rubbery body absorbs attacks (AC +1).


   Skills:
 - Level 1.0 Fighting
 + Level 3.0 Dodging
 + Level 0.8 Shields
 + Level 3.7 Unarmed Combat
 + Level 3.0 Spellcasting
 - Level 2.0 Transmutations


You had 6 spell levels left.
You knew the following spells:

 Your Spells              Type           Power        Failure   Level  Hunger
z - Beastly Appendage     Trmt           #.....       10%         1    None
Z - Sticks to Snakes      Trmt           #.........   14%         2    ##.....

Inventory:

Hand weapons
 k - a +0 blowgun
Missiles
 b - 21 arrows
 h - 19 sling bullets of flame
 n - 22 poisoned needles
Armour
 m - a +2 shield
Jewellery
 j - a ring of stealth (left tentacle)
 o - a ring of sustain abilities (right tentacle)
 s - a ring of positive energy (on tentacle)
Scrolls
 e - 2 scrolls of remove curse
 g - 2 scrolls of identify {@r1}
Potions
 i - a potion of brilliance
 r - a potion of cancellation
Books
 d - a book of Changes
Comestibles
 a - a bread ration
 c - a royal jelly
 f - 3 meat rations
 l - 2 slices of pizza

Dungeon Overview and Level Annotations

Branches:
Dungeon (5/15)
 Temple: D:4-7

Altars:
Cheibriados
Fedhas
Sif Muna
Vehumet
Zin

Annotations:
D:4 Menkaure

#..#<#####.##.#.## ..
#.....(# #.##.#.#
...##..###.###.##.#.#
...#.. #........#.#
...##.###<###.####.#
.............[# #.#
.##.###.##.#### #.#
#. ##.###.# .# #.#
#####.##ohx...# .#
ooo...o..r##### .#
o####o##gl# .# # #..#
.. #ZW# . ### .##.
..!. ...h .... ......
......### .##.##.
#...### #. #.# ..
#......


You could see a phantom, a hound (inner flame), an orc wizard (wandering), 3
orcs, a water moccasin zombie, a quokka, a goblin and a giant newt.


Message History

The hobgoblin shouts!
The hound pauses to sniff the ground.
The hound closely misses you.
There is an escape hatch in the ceiling here.
There is an escape hatch in the ceiling here.
The hound bites you.
* * * LOW HITPOINT WARNING * * *
A mysterious force pulls you upwards. The hatch slams shut behind you.
Level annotation: Menkaure The orc shouts!
The goblin shouts!
A giant newt, a quokka, an orc and an orc wizard come into view.
The quokka closely misses you.
Found a white potion.
An orc, an orc wizard and a zombie come into view.
Read which item? (? for menu, Esc to quit)
Okay, then.
Drink which item? (? for menu, Esc to quit)
Okay, then. 2 orcs and a phantom come into view.
The orc shouts! x2
You hear a shout!
The quokka bites you.
* * * LOW HITPOINT WARNING * * *
The phantom moves out of view.
The quokka closely misses you.
An orc comes into view. It is wielding a club.
The orc wizard shouts!
The hound is no longer moving slowly.
The quokka closely misses you.
An orc comes into view. It is wielding a short sword.
The quokka bites you.
You die...

Action                   |  1- 3 |  4- 6 || total
-------------------------+-------+-------++-------
Melee: Unarmed           |    78 |    34 ||   112
 Cast: Sticks to Snakes  |     5 |     6 ||    11
Invok: Bend Time         |       |     2 ||     2
  Use: Scroll            |     2 |     4 ||     6
       Potion            |       |     1 ||     1
 Stab: Sleeping          |     1 |     4 ||     5
  Eat: Chunk             |     1 |     2 ||     3

Vault maps used:
D:1:      minmay_arrival_up_and_down
D:2:      lemuel_round_altar, lemuel_crystal_altar, st_stairs_3
D:3:      grunt_temple_overflow_opulence, lemuel_crystal_altar,
          nicolae_overflow_crystal_walls, nicolae_overflow_hidden_temple,
          first_bread, serial_bayou_lagoon_a
D:4:      serial_shops, nicolae_shop_waterfront, uniq_menkaure
D:5:      minmay_temple_entry_enclosed_plants, uniq_edmund

Notes
Turn   | Place    | Note
--------------------------------------------------------------
     0 | D:1      | krae, the Octopode Transmuter, began the quest for the Orb.
     0 | D:1      | Reached XP level 1. HP: 13/13 MP: 3/3
    76 | D:1      | Reached XP level 2. HP: 15/18 MP: 5/5
   422 | D:1      | Learned a level 2 spell: Sticks to Snakes
   428 | D:2      | Reached XP level 3. HP: 20/23 MP: 6/6
   467 | D:2      | Found a snail-covered altar of Cheibriados.
   476 | D:2      | Became a worshipper of Cheibriados the Contemplative
   988 | D:2      | Reached XP level 4. HP: 24/28 MP: 2/8
  1042 | D:2      | You fall through a shaft for 2 floors!
  1042 | D:4      | Noticed Menkaure
  1163 | D:4      | Acquired Cheibriados's first power
  1198 | D:3      | Found a deep blue altar of Sif Muna.
  1238 | D:3      | Found a radiant altar of Vehumet.
  1321 | D:2      | Found a glowing silver altar of Zin.
  1375 | D:2      | Reached skill level 3 in Dodging
  1993 | D:3      | Reached skill level 3 in Spellcasting
  2005 | D:3      | Found a blossoming altar of Fedhas.
  2049 | D:3      | You fall through a shaft for 2 floors!
  2049 | D:5      | Entered Level 5 of the Dungeon
  2075 | D:4      | Noticed a phantom
  2075 | D:4      | HP: 2/28 [quokka (1)]
  2077 | D:4      | Slain by a quokka

Vanquished Creatures
  3 adders
  2 giant geckos (D:2)
  2 oozes
  A giant cockroach (D:1)
  13 goblins
  6 hobgoblins
  10 kobolds
  3 quokkas
  A ball python (D:1)
  3 bats
  2 giant newts
  2 rats
48 creatures vanquished.

Vanquished Creatures (collateral kills)
  An adder (D:2)
  3 worms (D:2)
  A goblin (D:2)
5 creatures vanquished.

Grand Total: 53 creatures vanquished
